 Dungeon Crawl Stone Soup version 0.25-a0-667-gb977e01cb5 (webtiles) character file.

Game seed: 12297444315373804899, levelgen mode: deterministic

119 Error4North the Shield-Bearer (level 5, -1/69 HPs)
             Began as a Hill Orc Fighter on Mar 27, 2020.
             Slain by a gnoll
             ... wielding a +0 spear
              (2 damage)
             ... on level 3 of the Dungeon.
             The game lasted 00:06:18 (1841 turns).

Error4North the Shield-Bearer (Hill Orc Fighter)    Turns: 1841, Time: 00:06:19

Health: -1/69      AC: 22    Str: 20    XL:     5   Next: 3%
Magic:  5/5        EV:  2    Int:  8    God:
Gold:   92         SH:  9    Dex: 10    Spells: 4/4 levels left

rFire    . . .     SeeInvis .   a - +0 war axe
rCold    . . .     Gourm    .   c - +0 kite shield
rNeg     + + +     Faith    .   (armour currently unavailable)
rPois    +         Spirit   .   (helmet currently unavailable)
rElec    .         Reflect  .   (cloak currently unavailable)
rCorr    .         Harm     .   (gloves currently unavailable)
MR       .....     NoTele   +   (boots currently unavailable)
Stlth    +.........             (no amulet)
HPRegen  0.21/turn              (no ring)
MPRegen  0.09/turn              (no ring)

@: mighty, tree-form
A: no striking features
a: no special abilities


You were on level 3 of the Dungeon.
You were not hungry.
You were a tree.
You visited 1 branch of the dungeon, and saw 3 of its levels.

You collected 92 gold pieces.

Inventory:

Hand Weapons
 a - a +0 war axe (weapon)
Armour
 b - a +0 scale mail (melded)
 c - a +0 kite shield (worn)
 k - a +0 helmet (melded)
 l - a +0 cloak (melded)
Jewellery
 q - a cursed ring of teleportation {unknown}
Wands
 p - a wand of digging (5)
Scrolls
 e - a scroll of noise {unknown}
 g - 3 scrolls of remove curse {unknown}
 i - 3 scrolls of amnesia {unknown}
 m - a scroll of enchant armour {unknown}
 n - 2 scrolls of identify {unknown}
 s - a scroll of magic mapping {unknown}
Potions
 d - a potion of might
 j - a potion of magic
 r - 2 potions of lignification
Comestibles
 f - 3 rations
 h - a chunk of flesh


   Skills:
 + Level 4.1 Fighting
 + Level 4.1 Axes
 * Level 4.0 Armour
 + Level 0.8 Dodging
 + Level 0.1 Stealth
 * Level 4.2 Shields


You had 4 spell levels left.
You didn't know any spells.
Your spell library was empty.

Dungeon Overview and Level Annotations

Branches:
Dungeon (3/15)

Altars:


Message History

You cannot move.
A gnoll is nearby!
The gnoll hits you from afar with a +0 spear.
* * * LOW HITPOINT WARNING * * *
The gnoll barely misses you. You block the gnoll's attack.
* * * LOW HITPOINT WARNING * * *
You feel sick. The gnoll hits you but does no damage.
You block the gnoll's attack. The gnoll hits you but does no damage.
Okay, then.
You cannot move.
You block the gnoll's attack.
* * * LOW HITPOINT WARNING * * *
You feel sick.
You are no longer poisoned.
The gnoll hits you but does no damage. The gnoll hits you but does no damage.
The gnoll hits you from afar with a +0 spear.
You die...

#######
.......############
#)♣.(>.......######
.....g))....#####.......
.####.#####.# ########
#. #.# #######. # [..
.......< #..# ########
#... ....#


You could see a gnoll.

Vanquished Creatures
  3 gnolls (D:3)
  2 adders (D:2)
  An ooze (D:2)
  3 worms (D:2)
  3 dart slugs
  5 giant cockroaches
  8 goblins
  4 hobgoblins
  6 jackals (D:2)
  A ball python (D:1)
  5 bats
  A frilled lizard (D:1)
  6 kobolds
  6 rats
54 creatures vanquished.

Notes
Turn   | Place    | Note
-------+----------+-------------------------------------------
     0 | D:1      | Error4North the Hill Orc Fighter began the quest for the
                  | Orb.
     0 | D:1      | Reached XP level 1. HP: 19/19 MP: 1/1
   370 | D:1      | Reached XP level 2. HP: 22/27 MP: 2/2
   762 | D:1      | Reached XP level 3. HP: 25/33 MP: 3/3
  1353 | D:2      | Reached XP level 4. HP: 37/40 MP: 4/4
  1825 | D:3      | HP: 2/40 [gnoll/+0 whip (1)]
  1830 | D:3      | HP: 3/60 [gnoll/+0 whip (1)]
  1831 | D:3      | Reached XP level 5. HP: 4/46 MP: 5/5
  1832 | D:3      | HP: 1/69 [gnoll/+0 spear (2)]
  1839 | D:3      | HP: 1/69 [poisoned by a kobold]
  1841 | D:3      | Slain by a gnoll

Levels and vault maps discovered:
D:1:      sevenhm_arrival_forest_fort_small_3, layout_basic, serial_rivers,
          chequers_serial_rivers_micro_a, chequers_serial_rivers_micro_e,
          chequers_serial_rivers_small_a, chequers_serial_rivers_small_a,
          chequers_serial_rivers_micro_b
D:2:      layout_loops_ring
D:3:      layout_loops_ring, nicolae_qazlal_general_emergency

Skill      XL: |  1  2  3  4 |
---------------+-------------+-----
Axes           | 3 4 |  4.1
Shields        | 4 |  4.2
Fighting       | 4 |  4.1
Armour         | 4 |  4.0
Dodging        | |  0.8
Stealth        | |  0.1

Action                   |  1- 3 |  4- 6 || total
-------------------------+-------+-------++-------
Melee: War axe           |   124 |    49 ||   173
  Use: Potion            |       |     4 ||     4
  Eat: Chunk             |     2 |     1 ||     3
Armor: Scale mail        |    61 |    18 ||    79
       Skin              |       |    16 ||    16
Dodge: Dodged            |    48 |    14 ||    62
Block: Kite shield       |    61 |    35 ||    96

Table legend:
 A = Non-vault XP
 B = Vault XP
 C = Vault XP percentage of total XP
 D = Non-vault monster count
 E = Vault monster count
 F = Vault count percentage of total count
                 A         B        C        D         E       F
            +---------+---------+-------+---------+---------+-------
      Total |     170 |       0 |   0.0 |      54 |       0 |   0.0
            +---------+---------+-------+---------+---------+-------
        D:1 |      37 |       0 |   0.0 |      22 |       0 |   0.0
        D:2 |      90 |       0 |   0.0 |      28 |       0 |   0.0
        D:3 |      43 |       0 |   0.0 |       4 |       0 |   0.0
            +---------+---------+-------+---------+---------+-------
